 Dungeon Crawl Stone Soup version 0.14.1-23-g35e4e54 (webtiles) character file.

260 DaftWullie the Cutter (level 5, -1/49 HPs)
             Began as a Kobold Berserker on June 12, 2014.
             Was a Believer of Trog.
             Slain by a green rat (6 damage)
             ... in a sewer.
             The game lasted 00:18:22 (2153 turns).

DaftWullie the Cutter (Kobold Berserker)            Turns: 2153, Time: 00:18:24

HP  -1/49        AC  3     Str 22      XL: 5   Next: 33%
MP   5/5         EV 15     Int  5      God: Trog [**....]
Gold 133         SH  0     Dex 15      Spells:  0 memorised,  4 levels left

rFire  . . .     SeeInvis .     a - +0 short sword
rCold  . . .     Clarity  .     e - +0 leather armour
rNeg   . . .     Conserve .     (no shield)
rPois  .         rCorr    .     (no helmet)
rElec  .         rRot     .     (no cloak)
SustAb . .       Spirit   .     (no gloves)
rMut   .         Warding  .     (no boots)
Saprov + + .     Stasis   .     (no amulet)
MR     .....                    (no ring)
                                (no ring)

@: berserking, very quick, not resistant to hostile enchantments, extremely
unstealthy
A: disease resistance, carnivore 3, saprovore 2
a: Burn Spellbooks, Berserk, Trog's Hand, Renounce Religion


You were in a sewer.
You worshipped Trog.
Trog was pleased with you.
You were very full.

You visited 1 branch of the dungeon, and saw 3 of its levels.
You also visited: Sewer.

You collected 133 gold pieces.

Inventory:

Hand weapons
 a - a +0,+0 short sword (weapon)
 h - a +1,+1 short sword
 t - a +0,+1 cutlass
Missiles
 q - 20 darts (quivered)
 s - 14 poisoned needles
Armour
 b - a +0 animal skin
 e - a +0 leather armour (worn)
Comestibles
 c - a meat ration
 v - a royal jelly
Scrolls
 g - 6 scrolls of identify {unknown}
 k - 2 scrolls of recharging {unknown}
 l - a scroll of teleportation {unknown}
 n - a scroll of magic mapping {unknown}
 p - a scroll of enchant weapon II {unknown}
 r - a scroll of enchant weapon I {unknown}
 w - a scroll of random uselessness {unknown}
Potions
 d - 2 potions of degeneration {unknown}
 f - a potion of might {unknown}
 i - 2 potions of magic {unknown}
 j - 2 potions of heal wounds {unknown}
 m - 2 potions of brilliance {unknown}
 o - a potion of curing {unknown}
 u - a potion of poison {unknown}


   Skills:
 + Level 4.0 Fighting
 * Level 5.7 Short Blades
 + Level 0.6 Throwing
 - Level 1.5 Armour
 + Level 3.9 Dodging
 + Level 0.8 Stealth


You had 4 spell levels left.
You didn't know any spells.

Dungeon Overview and Level Annotations

Branches:
Dungeon (3/15)

Altars:
Ashenzari


Innate Abilities, Weirdness & Mutations

You recuperate from illness quickly.
You are small and have problems with some larger weapons.
You are carnivorous and can eat meat at any time.
You can eat rotten meat.


Message History

You barely miss the green rat.
The green rat is heavily wounded.
The green rat bites you. The green rat closely misses you.
You hit the green rat.
The green rat is heavily wounded.
The green rat misses you. The green rat closely misses you.
You hit the green rat but do no damage.
The green rat is heavily wounded.
The green rat bites you! The green rat misses you.
You hit the green rat.
The green rat is severely wounded.
The green rat bites you!
* * * LOW HITPOINT WARNING * * *
Use which ability? (? or * to list)
A red film seems to cover your vision as you go berserk!
You feel yourself moving faster!
You feel mighty!
You feel quite a bit less full. The green rat bites you.
* * * LOW HITPOINT WARNING * * *
The green rat bites you.
You die... ################ #rr@rrr∩......≈≈ ################

You could see 3 green rats and 2 rats.

Vanquished Creatures
  5 gnolls
  2 giant mites (D:3)
  A worm (D:3)
  2 giant geckos
  2 orcs
  6 hobgoblins
  9 kobolds
  A ball python (D:1)
  7 bats
  2 giant cockroaches
  3 giant newts
  11 goblins
  6 rats
57 creatures vanquished.

Notes
Turn   | Place    | Note
--------------------------------------------------------------
     0 | D:1      | DaftWullie, the Kobold Berserker, began the quest for the Orb.
     0 | D:1      | Reached XP level 1. HP: 14/14 MP: 1/1
   166 | D:1      | Reached XP level 2. HP: 13/19 MP: 2/2
   478 | D:2      | Reached XP level 3. HP: 20/24 MP: 3/3
   484 | D:2      | Reached skill level 5 in Short Blades
   737 | D:2      | Reached XP level 4. HP: 8/29 MP: 4/4
  1437 | D:2      | Acquired Trog's second power
  1812 | D:3      | Reached XP level 5. HP: 25/33 MP: 5/5
  1904 | D:3      | Found a shattered altar of Ashenzari.
  2010 | D:3      | Found a glowing drain.
  2137 | Sewer    | Entered a sewer
  2153 | Sewer    | Slain by a green rat

Action                   |  1- 3 |  4- 6 || total
-------------------------+-------+-------++-------
Melee: Short sword       |    84 |   160 ||   244
Throw: Dart              |     5 |    26 ||    31
Invok: Berserk           |     2 |     3 ||     5
 Stab: Sleeping          |       |     1 ||     1
